 Dungeon Crawl Stone Soup version 0.28-a0-429-g1448048969 (webtiles) character file.

Game seed: 9695480948397039998

10453 robertstho the Thaumaturge (level 11, 0/78 HPs)
             Began as a Djinni Fire Elementalist on Sept 10, 2021.
             Was an Initiate of Gozag.
             Slain by a two-headed ogre (21 damage)
             ... on level 11 of the Dungeon.
             The game lasted 00:19:03 (13585 turns).

robertstho the Thaumaturge (DjFE)                  Turns: 13585, Time: 00:19:05

Health: 0/78       AC: 13    Str:  7    XL:     11   Next: 93%
Gold:   1306       EV: 26    Int: 28    God:    Gozag SH:  0 Dex: 15

rFire   + + .      SeeInvis .   m - +1 short sword of Lies {vamp, Will+}
rCold   x . .      Faith    .   (no shield)
rNeg    . . .      Spirit   .   r - quicksilver dragon scales
rPois   ∞          Reflect  .   B - +1 hat {Int+3}
rElec   .          Harm     .   g - +0 cloak
rCorr   .          Rampage  .   f - +0 pair of gloves
Will    +++..                   (boots unavailable)
Stlth   ++........              a - amulet of the acrobat
HPRegen 0.23/turn               q - +6 ring of intelligence
MPRegen 0.00/turn               (no ring)

@: gold aura, acrobatic, flying
A: sickness immunity, fire resistance 2, cold vulnerability 1, float, innate
caster, hp casting, extra vitality 1
a: Renounce Religion, Potion Petition, Call Merchant, Bribe Branch


You were on level 11 of the Dungeon.
You worshipped Gozag.
Gozag was most pleased with you.
You visited 2 branches of the dungeon, and saw 12 of its levels.

You collected 1437 gold pieces.
You paid 131 gold pieces to Gozag.

Inventory:

Hand Weapons
 c - a +4 short sword of protection
 m - the +1 short sword of Lies (weapon) {vamp, Will+}
   (You found it on level 4 of the Dungeon)

   It occasionally heals its wielder for a portion of the damage dealt when it
   wounds a living foe.
   Will:      It increases your willpower.
 v - a +2 war axe of draining
Missiles
 s - 7 throwing nets
Armour
 f - a +0 pair of gloves (worn)
 g - a +0 cloak (worn)
 r - quicksilver dragon scales (worn)
 w - +0 acid dragon scales
 B - a +1 hat of intelligence (worn)
Jewellery
 a - an amulet of the acrobat (around neck)
 q - a +6 ring of intelligence (left hand)
Wands
 n - a wand of flame (9)
 u - a wand of acid (7)
 A - a wand of charming (5)
 C - a wand of paralysis (8)
Scrolls
 d - 3 scrolls of holy word
 e - 4 scrolls of teleportation
 h - 3 scrolls of enchant weapon
 p - 4 scrolls of fog
 t - a scroll of brand weapon
 x - 3 scrolls of immolation
 y - 3 scrolls of fear {unknown}
 E - a scroll of magic mapping {unknown}
Potions
 b - 2 potions of might
 i - a potion of berserk rage
 j - a potion of resistance
 k - a potion of heal wounds
 l - 4 potions of attraction
 o - a potion of haste
 z - 2 potions of curing {unknown}
 D - 3 potions of brilliance {unknown}


   Skills:
 * Level 6.5 Fighting
 + Level 1.1 Short Blades
 + Level 3.0 Armour
 + Level 3.8 Dodging
 + Level 3.1 Stealth
 * Level 12.2 Spellcasting


You had 7 spell levels left.
You knew the following spells:

 Your Spells              Type           Power      Damage    Failure   Level
a - Foxfire               Conj/Fire      100%       2x1d9     1%          1
b - Scorch                Fire           100%       2d10      1%          2
c - Conjure Flame         Conj/Fire      71%        6-21      1%          3
d - Inner Flame           Hex/Fire       71%        N/A       1%          3
e - Flame Wave            Conj/Fire      71%        3d12      1%          4
f - Summon Small Mammal   Summ           100%       N/A       1%          1
g - Searing Ray           Conj           100%       2d8       1%          2
h - Tukima's Dance        Hex            71%        N/A       1%          3
i - Teleport Other        Tloc           71%        N/A       1%          3
j - Summon Forest         Summ/Tloc      35%        N/A       1%          5
Your spell library was empty.

Dungeon Overview and Level Annotations

Branches:
Dungeon (11/15)            Temple (1/1) D:7            Lair (0/6) D:8
    Orc (0/2) D:9

Altars:
Ashenzari
Cheibriados
Dithmenos
Elyvilon
Fedhas
Gozag
Hepliaklqana
Kikubaaqudgha
Makhleb
Nemelex Xobeh
Okawaru
Qazlal
Ru
Sif Muna
Trog
Uskayaw
Vehumet
Wu Jian
Xom
Yredelemnul
Zin
The Shining One

Shops:
D:8 [   D:9 [

Annotations:
D:6 Edmund


Innate Abilities, Weirdness & Mutations

You are immune to sickness and miasma.
You are immune to poison.
Your flesh is very heat resistant. (rF++)
You are vulnerable to cold. (rC-)
You float through the air rather than walking.
You learn spells naturally, not from books.
Your magical power is your life essence.
You have superior vitality. (+4 HP)


Message History

Confirm with . or Enter, or press ? or * to list all spells.
Casting: Flame Wave (mildly dangerous; 1% risk of failure)
Press: ? - help, Dir - look around, f - activate A wave of flame ripples out! (Press . to intensify the flame waves.) Unknown command.
A wave of flame ripples out!
The flame wave engulfs the acid dragon!!
You kill the acid dragon!
A two-headed ogre comes into view. It is wielding two +0 giant clubs.
You see here 32 gold pieces.
You now have 1306 gold pieces (gained 32).
Casting: Flame Wave (mildly dangerous; 1% risk of failure)
Confirm with . or Enter, or press ? or * to list all spells.
Nothing appears to happen.
Casting: Scorch (safe; 1% risk of failure)
Confirm with . or Enter, or press ? or * to list all spells.
Flames lash the two-headed ogre.
The two-headed ogre is lightly wounded.
The two-headed ogre's fire resistance burns away.
Casting: Scorch (safe; 1% risk of failure)
Confirm with . or Enter, or press ? or * to list all spells.
Flames lash the two-headed ogre.
The two-headed ogre is burned terribly!
The two-headed ogre is heavily wounded.
Casting: Scorch (safe; 1% risk of failure)
Confirm with . or Enter, or press ? or * to list all spells.
Casting: Flame Wave (mildly dangerous; 1% risk of failure)
Press: ? - help, Dir - look around, f - activate A wave of flame ripples out! (Press . to intensify the flame waves.)
* * * LOW HITPOINT WARNING * * *
Unknown command.
A wave of flame ripples out!
The flame wave engulfs the two-headed ogre!!
The two-headed ogre is burned terribly!
The two-headed ogre is almost dead.
* * * LOW HITPOINT WARNING * * *
The two-headed ogre hits you with a +0 giant club!!
You die...
Your body crumbles into a pile of gold.

#........#
#..!.....#
#........#
#........#
#!.......#
#.....<..#
#..O.....#
#..@.....#
#........#
#........#
#.<......#
................
################


You could see a two-headed ogre (inflammable).

Vanquished Creatures
  Harold (D:8)
  Pikel (D:8)
  An elephant (D:8)
  An unseen horror (D:10)
  A gargoyle (D:10)
  Maggie (D:7)
  Psyche (D:8)
  Prince Ribbit (D:8)
  A hornet (D:10)
  A shadow (D:10)
  3 wyverns
  A basilisk (D:8)
  4 vampire mosquitoes (D:10)
  A steam dragon (D:7)
  2 acid dragons
  A water moccasin (D:4)
  An orc warrior (D:8)
  A black bear (D:8)
  An ogre (D:3)
  6 ice beasts
  2 centaurs
  3 necrophages
  A phantom (D:5)
  3 kobold brigands
  A gnoll sergeant (D:9)
  5 killer bees (D:7)
  7 wights
  6 howler monkeys
  3 centaur zombies
  A centaur skeleton (D:7)
  3 hounds
  Crazy Yiuf (D:2)
  6 orc priests
  2 gnoll shamans
  4 bullfrog skeletons (D:6)
  3 iguanas
  11 orc wizards
  A killer bee zombie (D:8)
  A hound zombie (D:5)
  19 gnolls
  7 adders
  A shadow imp (D:5)
  2 ufetubi
  3 worms
  2 dart slugs
  24 orcs
  10 ball pythons
  4 bats
  10 endoplasms
  4 giant cockroaches
  6 goblins
  11 hobgoblins
  7 jackals
  3 quokkas (D:3)
  4 frilled lizards
  22 kobolds
  4 rats
238 creatures vanquished.

Vanquished Creatures (collateral kills)
  Gastronok (D:8)
  9 wights (D:9)
  An orc wizard (D:9)
  2 orcs (D:9)
13 creatures vanquished.

Vanquished Creatures (others)
  A dancing weapon (D:7)
  An orc wizard (D:10)
  509 foxfires
  2 fungi (D:8)
  4 plants
517 creatures vanquished.

Grand Total: 768 creatures vanquished

Notes
Turn   | Place    | Note
-------+----------+-------------------------------------------
     0 | D:1      | robertstho the Djinni Fire Elementalist began the quest for
                  | the Orb.
     0 | D:1      | Reached XP level 1. HP: 15/15 MP: 0/0
   277 | D:1      | Reached XP level 2. HP: 19/21 MP: 0/0
   739 | D:1      | Reached XP level 3. HP: 18/26 MP: 0/0
   739 | D:1      | Learned a level 1 spell: Summon Small Mammal
   752 | D:1      | Reached skill level 3 in Spellcasting
  1945 | D:2      | Reached XP level 4. HP: 24/31 MP: 0/0
  2149 | D:2      | Found a shimmering altar of Xom.
  2271 | D:2      | Found a runed translucent door.
  2272 | D:2      | Noticed Crazy Yiuf
  2837 | D:2      | Killed Crazy Yiuf
  2955 | D:3      | Reached XP level 5. HP: 33/36 MP: 0/0
  2955 | D:3      | Learned a level 2 spell: Searing Ray
  3195 | D:3      | Reached skill level 4 in Spellcasting
  3234 | D:3      | Found a sparkling altar of Nemelex Xobeh.
  3258 | D:3      | Found a blossoming altar of Fedhas.
  3472 | D:3      | Reached skill level 1 in Fighting
  3478 | D:3      | Noticed an ogre
  3492 | D:3      | Killed an ogre
  3493 | D:3      | Reached XP level 6. HP: 26/42 MP: 0/0
  4576 | D:4      | Noticed a necrophage
  4582 | D:4      | Killed a necrophage
  4583 | D:4      | Reached skill level 5 in Spellcasting
  4583 | D:4      | Reached XP level 7. HP: 22/49 MP: 0/0
  4583 | D:4      | Learned a level 3 spell: Tukima's Dance
  4887 | D:4      | Reached skill level 1 in Short Blades
  5493 | D:4      | Noticed a water moccasin
  5498 | D:4      | Killed a water moccasin
  5631 | D:4      | Identified the +1 short sword of Lies {vamp, Will+}
  5644 | D:5      | Entered Level 5 of the Dungeon
  5664 | D:5      | Found a burning altar of Makhleb.
  5664 | D:5      | Found a hazy altar of Hepliaklqana.
  5682 | D:5      | Reached skill level 6 in Spellcasting
  5682 | D:5      | Reached XP level 8. HP: 50/55 MP: 0/0
  6490 | D:5      | Found a shadowy altar of Dithmenos.
  7066 | D:6      | Reached skill level 7 in Spellcasting
  7244 | D:6      | Noticed Edmund
  7403 | D:6      | Found Ycitol's Magic Scroll Shoppe.
  7624 | D:6      | Reached XP level 9. HP: 57/61 MP: 0/0
  7624 | D:6      | Learned a level 3 spell: Teleport Other
  7806 | D:7      | Noticed Maggie
  7816 | D:7      | Killed Maggie
  7817 | D:7      | Reached skill level 8 in Spellcasting
  8089 | D:7      | Noticed a slime creature
  8089 | D:7      | Noticed a two-headed ogre
  8090 | D:7      | Noticed a kobold demonologist
  8090 | D:7      | Noticed a slime creature
  8091 | D:7      | Identified the ring "Tirph" {Contam rF+ rCorr MP-9 Dex+8}
  8091 | D:7      | Noticed a kobold demonologist
  8091 | D:7      | Noticed a cyclops
  8095 | D:7      | Noticed a boulder beetle
  8097 | D:7      | Noticed a rust devil
  8294 | D:7      | Found a staircase to the Ecumenical Temple.
  8704 | D:7      | Reached skill level 9 in Spellcasting
  8852 | D:7      | Found a sacrificial altar of Ru.
  8857 | D:7      | Reached XP level 10. HP: 62/68 MP: 0/0
  9225 | Temple   | Entered the Ecumenical Temple
  9344 | Temple   | Became a worshipper of Gozag Ym Sagoz the Greedy
  9478 | D:8      | Noticed Psyche
  9492 | D:8      | Killed Psyche
  9493 | D:8      | Reached skill level 1 in Armour
  9501 | D:8      | Noticed Prince Ribbit
  9505 | D:8      | Noticed Pikel
  9849 | D:8      | Found a staircase to the Lair.
  9850 | D:8      | Noticed Harold
  9861 | D:8      | Killed Harold
  9862 | D:8      | Reached skill level 10 in Spellcasting
 10065 | D:8      | Reached skill level 5 in Fighting
 10163 | D:8      | Killed Prince Ribbit
 10272 | D:8      | Killed Pikel
 10396 | D:8      | Reached XP level 11. HP: 67/76 MP: 0/0
 10396 | D:8      | Learned a level 5 spell: Summon Forest
 10466 | D:8      | Noticed an elephant
 10479 | D:8      | Killed an elephant
 10480 | D:8      | Reached skill level 11 in Spellcasting
 10810 | D:8      | Found a shimmering altar of Xom.
 10837 | D:8      | Noticed Gastronok
 10853 | D:8      | Killed Gastronok
 11036 | D:8      | Found Osepleyc's Antique Armour Shoppe.
 11460 | D:9      | Found a snail-covered altar of Cheibriados.
 11471 | D:9      | Found an iron altar of Okawaru.
 11474 | D:9      | Found a broken altar of Ashenzari.
 11586 | D:9      | Found a staircase to the Orcish Mines.
 11588 | D:9      | Found Jaic's Armour Shoppe.
 12300 | D:10     | Entered Level 10 of the Dungeon
 12624 | D:10     | Reached skill level 12 in Spellcasting
 12955 | D:10     | Found an ornate altar of the Wu Jian Council.
 13578 | D:11     | Noticed a two-headed ogre
 13585 | D:11     | Slain by a two-headed ogre

Illustrated notes

Levels and vault maps discovered:
D:1:      sevenhm_arrival_forest_fort_small_3, layout_loops_ring
D:2:      layout_loops_ring, basic_altar, serial_forest, infiniplex_forest_pool,
          infiniplex_forest_clump_diagonal, infiniplex_forest_straight_4,
          infiniplex_forest_clump_C, infiniplex_forest_straight_5,
          uniq_crazy_yiuf_cottage
D:3:      layout_loops_corners, fedhas_altar_3, mainiacjoe_overflow_alcove_1,
          minmay_mini_jars
D:4:      layout_cave_pools, minmay_statues_item
D:5:      layout_rooms, mainiacjoe_overflow_surrounded_room,
          chequers_temple_overflow_statue_of_worship
D:6:      layout_basic, serial_shops, nicolae_shop_competitors_out_of_business,
          uniq_edmund
D:7:      minmay_the_grid_triangle_9x9_rhombus_thin
          [minmay_the_grid_triangle_9x9_zippers_vertical,
          minmay_the_grid_triangle_9x9_prize_center,
          minmay_the_grid_triangle_9x9_descending_squares,
          minmay_the_grid_triangle_9x9_sprig], layout_cave_pods,
          mainiacjoe_overflow_24_doors, uniq_maggie
D:8:      layout_cave_pools, amcnicky_altar_gilded,
          nicolae_overflow_crystal_walls, david_lair_generic, serial_shops,
          nicolae_shop_trees, uniq_pikel, uniq_harold, uniq_gastronok,
          uniq_psyche, uniq_prince_ribbit1
D:9:      layout_loops_ring, tgw_sif, minmay_overflow_temple_star_quad,
          orc_david_3
D:10:     layout_loops_ring, mainiacjoe_overflow_six_doors_small,
          grunt_ministairs_6
D:11:     wad_lake_hut, layout_long_grid, uniq_maurice
Temple:   nicolae_temple_figure_zero

Skill      XL: |  1  2  3  4  5  6  7  8  9 10 11 |
---------------+----------------------------------+-----
Spellcasting   | 3 4 5 6 7 9 10 12 | 12.2
Stealth        | 2 3 |  3.1
Fighting       | 1 2 3 4 5 6 |  6.5
Short Blades   | 1 |  1.1
Armour         | 2 3 |  3.0
Dodging        | 3 |  3.8

Action                   |  1- 3 |  4- 6 |  7- 9 | 10-12 || total
-------------------------+-------+-------+-------+-------++-------
Melee: Short sword       |     4 |    41 |     3 |    13 ||    61
 Cast: Foxfire           |    30 |       |   113 |   146 ||   289
       Scorch            |    26 |    69 |    62 |    58 ||   215
       Flame Wave        |       |       |     2 |    22 ||    24
       Tukima's Dance    |       |       |     1 |       ||     1
       Teleport Other    |       |       |       |     3 ||     3
       Summon Forest     |       |       |       |     3 ||     3
  Use: Scroll            |       |     3 |     5 |    10 ||    18
 Stab: Sleeping          |       |     6 |       |       ||     6
Armor: Robe              |     5 |    13 |     2 |       ||    20
       Quicksilver drago |       |       |    15 |    45 ||    60
Dodge: Dodged            |    13 |    36 |    28 |    58 ||   135

Table legend: (Time is in decaauts)
 A = Elapsed time spent in this place.
 B = Non-inter-level travel time spent in this place.
 C = Inter-level travel time spent in this place.
 D = Time resting spent in this place.
 E = Time spent auto-exploring this place.
 F = Levels seen in this place.
 G = Mean time per level.
                   A        B        C        D        E       F      G
               +--------+--------+--------+--------+--------+-----+--------+
         Total |  13590 |  13135 |    455 |   1484 |  10122 |  12 | 1132.5 |
       Dungeon |  13448 |  13007 |    441 |   1484 |  10013 |  11 | 1222.5 |
        Temple |    141 |    128 |     13 |      0 |    109 |   1 |  141.0 |
               +--------+--------+--------+--------+--------+-----+--------+

Top non-repeatable levels by time:
     D:8: 1734 daAuts
     D:4: 1724 daAuts
     D:1: 1489 daAuts
     D:2: 1455 daAuts
     D:3: 1395 daAuts
     D:7: 1356 daAuts
    D:10: 1265 daAuts
     D:6: 1163 daAuts
     D:9: 1111 daAuts
     D:5: 733 daAuts
  Temple: 141 daAuts
    D:11: 18 daAuts
